 Dungeon Crawl Stone Soup version 0.31-a0-986-g5e6e4ef867 (webtiles) character file.

Game seed: 9388461976181650417

173 serber55 the Slasher (level 5, -9/37 (42) HPs)
             Began as a Demonspawn Monk on Nov 15, 2023.
             Was a Believer of Makhleb.
             Mangled by a wight
             ... wielding a +5 halberd of freezing
              (17 damage)
             ... on level 5 of the Dungeon.
             The game lasted 00:07:03 (3804 turns).

serber55 the Slasher (Demonspawn Monk)              Turns: 3804, Time: 00:07:04

HP:   -9/37 (42)    AC:  4    Str: 13    XL:     5   Next: 28%
MP:   6/6           EV: 12    Int: 11    God:    Makhleb [**....]
Gold: 201           SH:  0    Dex: 16    Spells: 4/4 levels left

rFire   . . .        a - +0 falchion
rCold   . . .        d - orb {light}
rNeg    . . .        i - +1 leather armour
rPois   .            (no helmet)
rElec   .            (no cloak)
rCorr   .            (no gloves)
SInv    .            (no boots)
Will    .....        b - amulet of the acrobat
Stlth   +            o - ring of wizardry
HPRegen 0.26/turn    (no ring)
MPRegen 0.10/turn

%: acrobat, wizardry (x1)
@: confused, ambrosia-drunk, glowing, heavily drained
A: hooves 1
a: Renounce Religion, Minor Destruction


You were on level 5 of the Dungeon.
You worshipped Makhleb.
Makhleb was pleased with you.
You visited 1 branch of the dungeon, and saw 5 of its levels.

You collected 201 gold pieces.

Inventory:

Hand Weapons
 a - a +0 falchion (weapon)
Missiles
 l - 16 poisoned darts (quivered)
 r - 3 atropa-tipped darts
Armour
 d - an orb of light (worn)
 i - a +1 leather armour (worn)
Jewellery
 b - an amulet of the acrobat (around neck)
 o - a ring of wizardry (left hand)
Wands
 j - a wand of polymorph (8)
Scrolls
 f - 4 scrolls of identify
 g - 2 scrolls of amnesia
 m - 2 scrolls of teleportation
 n - a scroll of poison
 u - a scroll of immolation
Potions
 c - a potion of ambrosia
 e - 3 potions of lignification
 p - 3 potions of curing


   Skills:
 + Level 3.8 Fighting
 * Level 4.2 Long Blades
 + Level 1.8 Armour
 - Level 2.6 Dodging
 + Level 1.9 Invocations


You had 4 spell levels left.
You didn't know any spells.
Your spell library contained the following spells:

 Spells                   Type           Power      Damage    Failure   Level
 Ensorcelled Hibernation  Hex/Ice        0%         N/A       26%         2
 Passwall                 Tmut/Erth      0%         N/A       26%         2
 Poisonous Vapours        Pois/Air       0%         N/A       26%         2
 Mephitic Cloud           Conj/Pois/Air  0%         N/A       45%         3
 Swiftness                Air            0%         N/A       45%         3
 Freezing Cloud           Conj/Ice/Air   0%         6-21      99%         5


Dungeon Overview and Level Annotations

Branches:
Dungeon (5/15)             Temple (0/1) D:4

Altars:
Dithmenos
Makhleb
Uskayaw
Wu Jian

Shops:
D:3 *

Annotations:
D:4 1 runed translucent door, osoart's ghost, amateur DgCj


Innate Abilities, Weirdness & Mutations

You have large cloven feet.


Message History

You feel sick.
You are no longer poisoned.
HP restored.
m - 2 scrolls of teleportation (gained 1)
A wight comes into view. It is wielding a +4 short sword.
An iguana comes into view.
The iguana hisses angrily.
Okay, then.
A wight comes into view. It is wielding a +0 falchion.
Aiming: Minor Destruction (11% risk of failure)
Press: ? - help, Shift-Dir - straight line, f - wight
Aim: a wight, wielding a +0 falchion and wearing a +0 robe You fail to use your ability.
Unknown command.
A wight comes into view.
It is wielding a +5 halberd of freezing.
Found 14 gold pieces.
The wight hits you with a +0 falchion!
You feel drained. The wight barely misses you. The wight closely misses you.
The wight hits you from afar with a +5 halberd of freezing!
You feel drained. The wight freezes you. The wight attacks as it pursues you!
The wight hits you from afar with a +5 halberd of freezing!
* * * LOW HITPOINT WARNING * * *
The wight freezes you.
* * * LOW HITPOINT WARNING * * *
Okay, then.
Okay, then.
You are confused.
You feel invigorated.
You're too confused to move!
The wight hits you from afar with a +5 halberd of freezing.
* * * LOW HITPOINT WARNING * * *
You feel drained.
* * * LOW HITPOINT WARNING * * *
The wight freezes you.
* * * LOW HITPOINT WARNING * * *
You bump into the rock wall.
The wight hits you from afar with a +5 halberd of freezing!
You die...

#.......#####
###...###########
#.z...........##..
#...#.............
#.l.#.........#...
#.z.#..............
##z##..............
#.##..............
#@##..............
#.#######.........
..# ##.....##....
.######...####.....
.. #...#.##.......
#. #........#...†.
..
.......#####..<.†
.. #...### #.....
.... ##....


You could see an iguana and 3 wights.

Vanquished Creatures
  A hound (D:5)
  A jelly (D:4)
  6 adders
  An orc (D:4)
  3 ball pythons
  3 bats
  7 endoplasms
  A giant cockroach (D:3)
  6 goblins
  7 hobgoblins
  4 jackals (D:4)
  3 quokkas
  6 frilled lizards
  6 kobolds
  3 rats
58 creatures vanquished.

Notes
Turn   | Place    | Note
-------+----------+-------------------------------------------
     0 | D:1      | serber55 the Demonspawn Monk began the quest for the Orb.
     0 | D:1      | Reached XP level 1. HP: 18/18 MP: 1/1
   166 | D:1      | Reached skill level 3 in Long Blades
   166 | D:1      | Gained mutation: You have large cloven feet. [demonic
                  | ancestry]
   166 | D:1      | Reached XP level 2. HP: 24/24 MP: 2/2
   477 | D:1      | Found a faded altar of an unknown god.
   955 | D:2      | Reached skill level 1 in Armour
   960 | D:2      | Reached XP level 3. HP: 29/29 MP: 3/3
  1397 | D:2      | You fall into a shaft and drop 1 floor!
  1689 | D:3      | Found an ornate altar of the Wu Jian Council.
  1691 | D:3      | Found a burning altar of Makhleb.
  1699 | D:3      | Became a worshipper of Makhleb the Destroyer
  1699 | D:3      | Reached * piety under Makhleb
  1699 | D:3      | Reached ** piety under Makhleb
  1730 | D:3      | Found Vucihoz's Assorted Antiques.
  1767 | D:3      | Found a shadowy altar of Dithmenos.
  2111 | D:4      | Found a staircase to the Ecumenical Temple.
  2255 | D:4      | Reached XP level 4. HP: 35/35 MP: 4/4
  2472 | D:4      | Found a runed translucent door.
  2474 | D:4      | Noticed osoart's ghost (amateur DgCj)
  2639 | D:4      | Found a hide-covered altar of Uskayaw.
  2656 | D:4      | Reached skill level 1 in Invocations
  2944 | D:5      | Entered Level 5 of the Dungeon
  2962 | D:5      | Reached skill level 4 in Long Blades
  2962 | D:5      | Reached XP level 5. HP: 35/42 MP: 6/6
  3804 | D:5      | Mangled by a wight

Illustrated notes

Levels and vault maps discovered:
D:1:      scummos_arrival_hexagon, layout_basic,
          chequers_ecumenical_altar_simple, dk_noncrumbling_3
D:2:      layout_basic
D:3:      layout_basic, nicolae_dithmenos_through_a_glass_darkly, minitemple,
          serial_shops, nicolae_shop_temple_entry_statues_fountains
D:4:      layout_layer_cave, nicolae_uskayaw_suspiria,
          minmay_temple_entry_gardened_gates, ebering_ghost_inner_flame,
          dreamdust_princess_corridor, hangedman_abyss_or_decor_jellyfish_corner
D:5:      layout_rooms, mainiacjoe_overflow_cross_hatched,
          chequers_temple_overflow_statue_of_worship, minmay_misc_feat_square

Skill      XL: |  1  2  3  4 |
---------------+-------------+-----
Long Blades    | 3 4 |  4.2
Armour         | 1 |  1.8
Invocations    | 1 |  1.9
Fighting       | |  3.8
Dodging        | |  2.6

Action                     |  1- 3 |  4- 6 || total
---------------------------+-------+-------++-------
  Melee: Falchion          |    97 |    26 ||   123
         Kick              |    22 |    10 ||    32
    Use: Scroll            |       |    11 ||    11
         Potion            |       |     1 ||     1
 Armour: Robe              |    12 |       ||    12
         Leather armour    |    22 |    19 ||    41
  Dodge: Dodged            |    57 |    24 ||    81

Table legend: (Time is in decaauts)
 A = Elapsed time spent in this place.
 B = Non-inter-level travel time spent in this place.
 C = Inter-level travel time spent in this place.
 D = Time resting spent in this place.
 E = Time spent auto-exploring this place.
 F = Levels seen in this place.
 G = Mean time per level.
                   A        B        C        D        E       F      G
               +--------+--------+--------+--------+--------+-----+--------+
         Total |   3822 |   3554 |    268 |     36 |   3042 |   5 |  764.4 |
       Dungeon |   3822 |   3554 |    268 |     36 |   3042 |   5 |  764.4 |
               +--------+--------+--------+--------+--------+-----+--------+

Top non-repeatable levels by time:
     D:2: 1247 daAuts
     D:4: 1083 daAuts
     D:1: 696 daAuts
     D:3: 545 daAuts
     D:5: 249 daAuts
